Map: Old Republic LE

Players

Zoun

  • Race: Protoss Protoss
  • League: Master
  • Spawn Location: 7:00

SZNightMare (NightMare) - Winner!

  • Race: Protoss Protoss
  • League: Master
  • Spawn Location: 1:00

VOD

Have the link to the VOD?

Description

Time

  • Played on: Jan. 30, 2026, 9 a.m.
  • Length: 8:01
Show
View Real Time Build Order
Export as new Build Order

Zoun Protoss 

Build Orders: Phoenix Opening, Blink Stalkers 

Get SALT Encoding   

  12  0:00  Probe  
  13  0:12  Probe  
  14  0:17  Pylon  
  14  0:23  Probe  
  15  0:31  Probe  
  16  0:36  Gateway  
  16  0:39  Probe  
  16  0:45  Assimilator  
  17  0:50  Probe  
  17  0:54  Assimilator  
  18  0:59  Probe  
  19  1:07  Gateway, Probe  
  20  1:17  Probe  
  20  1:23  Cybernetics Core  
  21  1:29  Probe  
  22  1:34  Pylon  
  22  1:41  Probe  
  23  1:53  Warp Gate, Probe  
  24  1:56  Stalker  
  24  1:58  Phoenix  
  24  1:59  Sentry  
  28  2:06  Probe  
  29  2:11  Pylon  
  29  2:25  Stalker  
  29  2:26  Stalker  
  33  2:49  Probe  
  34  2:56  Nexus  
  34  3:04  Probe  
  35  3:09  Twilight Council  
  35  3:16  Probe  
  35  3:18  Pylon  
  36  3:28  Shield Battery  
  36  3:29  Probe  
  37  3:41  Stalker x2  
  36  3:50  Blink  
  35  3:58  Probe  
  36  4:05  Probe, Phoenix  
  37  4:11  Probe  
  37  4:13  Probe  
  39  4:21  Probe  
  39  4:22  Probe  
  39  4:23  Sentry  
  42  4:29  Probe  
  43  4:34  Probe  
  43  4:38  Probe  
  46  4:46  Probe  
  46  4:50  Phoenix, Probe  
  48  4:58  Probe  
  49  5:02  Robotics Facility  
  49  5:03  Probe  
  49  5:05  Nexus  
  50  5:09  Sentry  
  50  5:10  Probe  
  50  5:13  Pylon  
  53  5:17  Probe  
  54  5:21  Gateway  
  54  5:22  Probe  
  55  5:29  Stalker, Assimilator  
  55  5:33  Shield Battery  
  55  5:34  Probe  
  58  5:40  Phoenix, Probe  
  59  5:43  Stalker  
  59  5:47  Probe  
  59  5:49  Pylon  
  62  5:52  Probe  
  62  5:53  Charge, Observer  
  64  5:59  Probe  
  64  6:02  Gateway  
  64  6:03  Stalker  
  67  6:09  Probe  
  67  6:11  Probe  
  69  6:16  Gateway x2  
  70  6:24  Stalker  
  71  6:25  Shield Battery  
  71  6:28  Stalker  
  73  6:33  Stalker  
  73  6:36  Shield Battery  
  75  6:41  Immortal  
  79  6:47  Stalker  
  81  6:55  Probe  
  81  6:56  Stalker  
  81  6:58  Stalker  
  81  6:59  Stalker  
  86  7:04  Probe  
  81  7:10  Stalker x2  
  73  7:18  Stalker  
  73  7:19  Stalker  
  66  7:23  Stalker  
  66  7:24  Zealot  
  62  7:31  Probe  
Show
View Real Time Build Order
Export as new Build Order

SZNightMare Protoss - Winner!

Build Orders: Blink Stalkers 

Get SALT Encoding   

  12  0:00  Probe  
  13  0:12  Probe  
  14  0:17  Pylon  
  14  0:24  Probe  
  15  0:33  Probe  
  15  0:37  Gateway  
  15  0:41  Probe  
  16  0:47  Assimilator  
  17  0:50  Probe  
  18  0:57  Assimilator  
  18  0:59  Probe  
  19  1:07  Gateway, Probe  
  19  1:17  Probe  
  20  1:24  Cybernetics Core  
  21  1:29  Probe  
  22  1:41  Probe  
  22  1:42  Pylon  
  23  1:58  Stalker x2  
  28  2:02  Warp Gate  
  28  2:03  Probe  
  28  2:11  Pylon  
  28  2:25  Stalker  
  28  2:26  Stalker  
  31  2:53  Nexus  
  31  2:58  Probe  
  32  3:01  Sentry x2  
  34  3:11  Probe, Pylon  
  35  3:23  Twilight Council, Probe  
  36  3:30  Pylon  
  36  3:35  Probe  
  37  3:42  Blink  
  37  3:47  Probe  
  38  3:53  Stalker x2  
  42  3:59  Probe  
  43  4:03  Probe  
  44  4:11  Probe x2  
  46  4:20  Probe  
  46  4:24  Probe  
  48  4:26  Stalker x2  
  52  4:31  Probe  
  52  4:35  Robotics Facility  
  52  4:37  Probe  
  54  4:43  Probe  
  54  4:44  Pylon  
  55  4:49  Probe  
  55  4:50  Stalker  
  58  4:56  Stalker  
  58  4:57  Probe  
  61  5:01  Probe  
  62  5:11  Gateway x2  
  62  5:12  Probe  
  62  5:13  Probe  
  64  5:21  Observer  
  64  5:25  Nexus  
  65  5:33  Pylon  
  65  5:34  Assimilator  
  65  5:39  Stalker x2  
  65  5:42  Warp Prism  
  69  5:47  Probe, Pylon  
  70  5:51  Probe  
  73  6:03  Stalker x2  
  77  6:07  Pylon, Stalker  
  79  6:13  Stalker  
  81  6:24  Pylon, Probe x2  
  82  6:36  Stalker x2  
  82  6:37  Stalker x2  
  82  6:38  Probe x2  
  92  6:41  Probe  
  93  6:56  Probe x3  
  93  7:00  Stalker x2  
  100  7:01  Stalker  
  100  7:02  Stalker  
  96  7:11  Probe x2  
  96  7:18  Observer  
  93  7:24  Stalker x3  
  93  7:25  Stalker  
  93  7:27  Probe x3  
  94  7:39  Probe x2  
Tags
 
Add a new tag
Caveats
  • Supply blocks, unpowered buildings, or Contaminate may cause inaccurate times.
  • Supply counts are checked every 10 seconds.